AoeStats
← LukeMafra

African Clearing

505043292Analyzed
3v3 RM · 25d ago on Sep 7, 2026· 46m 36s· 6 players
Game mode
Random Map
Map size
Normal (6 player)
Population
200
Speed
Normal
Resources
Standard
Victory
Conquest
Starting age
Dark Age
Ending age
Imperial Age
RankedLock teamsTeams togetherTeam positionsShared explorationLock speedFull tech treeHidden civsTurbo modeCheats
Victory
Defeat
667
+10
🇦🇷 Britons · Argentina
661
+10
🇦🇷 Vietnamese · Argentina
647
+10
🇧🇷 Khmer · Brazil
556
-12
🇧🇷 Franks · Brazil
520
-10
🇧🇷 Spanish · Brazil
476
-8
ManilaTen142289
14:33 Feudal Age
15:11 Double-Bit Axe
23:48 Bloodlines
23:38 Gold Mining
23:41 Stone Mining
30:30 Castle Age
28:38 Horse Collar
31:59 Bow Saw
31:54 Heavy Plow
32:32 Stone Shaft Mining
32:37 Gold Shaft Mining
35:15 Husbandry
34:36 Light Cavalry
35:25 Man-at-Arms
35:26 Pikeman
36:53 Long Swordsman
38:22 Wheelbarrow
LukeMafra
17:32 Loom
19:19 Feudal Age
26:10 Castle Age
31:57 Double-Bit Axe
Coronel Calcinha
16:35 Feudal Age
17:45 Double-Bit Axe
17:44 Horse Collar
25:28 Man-at-Arms
34:25 Castle Age
olivera.mariano
8:59 Loom
12:16 Feudal Age
13:35 Wheelbarrow
12:45 Horse Collar
15:05 Double-Bit Axe
17:12 Scale Barding Armor
20:10 Forging
25:36 Castle Age
23:46 Stone Mining
25:41 Gold Mining
26:34 Hand Cart
29:09 Scale Mail Armor
28:59 Fletching
29:56 Town Watch
31:35 Town Patrol
35:36 Imperial Age
37:43 Paper Money
36:47 Elite Fire Lancer
44:47 Bow Saw
46:20 Chain Mail Armor
46:05 Padded Archer Armor
Sanmartin192
15:53 Feudal Age
17:14 Double-Bit Axe
26:57 Castle Age
25:37 Stone Mining
25:37 Gold Mining
25:35 Horse Collar
28:31 Bow Saw
31:18 Gold Shaft Mining
37:51 Imperial Age
36:39 Fletching
36:50 Padded Archer Armor
38:57 Wheelbarrow
41:17 Chemistry
40:38 Ballistics
40:17 Bodkin Arrow
40:38 Leather Archer Armor
42:19 Caravan
42:46 Hand Cart
43:37 Yeomen
43:54 Elite Longbowman
46:01 Heavy Plow
Trakturek《🚜》Zetturek
3:48 Loom
15:52 Feudal Age
17:35 Wheelbarrow
21:30 Double-Bit Axe
25:30 Castle Age
23:42 Horse Collar
24:36 Stone Mining
24:38 Gold Mining
29:25 Bow Saw
29:25 Caravan
30:20 Heavy Plow
31:29 Hand Cart
31:09 Fishing Lines
35:03 Ballistics
34:38 Murder Holes
35:26 Stone Shaft Mining
36:29 Husbandry
39:31 Imperial Age
38:42 Scale Barding Armor
41:17 Chemistry
40:48 Squires
40:09 Pikeman
40:34 Arson
40:56 Cavalier
43:55 Bombard Tower
43:32 Paladin
45:00 Halberdier
46:12 Chain Barding Armor
45:53 Scale Mail Armor
46:03 Forging
Connection lost

Rejoining the realm…

Still unreachable

The connection could not be restored.

Session expired

The server has moved on; the page needs a fresh start.